Map: Alcyone LE

Players

SiegeDeezNtz - Winner!

  • Race: Terran Terran
  • League: Bronze
  • Spawn Location: 7:00

VOD

Have the link to the VOD?

Description

Time

  • Played on: Sept. 25, 2024, 7:54 p.m.
  • Length: 25:39
Show
View Real Time Build Order
Export as new Build Order

SiegeDeezNtz Terran - Winner!

Build Orders:  

Get SALT Encoding   

  12  0:01  SCV  
  13  0:18  SCV  
  14  0:26  Supply Depot  
  14  0:37  SCV  
  15  0:56  SCV  
  15  0:58  Barracks  
  16  1:09  Refinery  
  16  1:17  SCV  
  17  1:34  SCV  
  18  1:51  SCV  
  19  2:12  Orbital Command  
  19  2:15  Barracks Reactor  
  19  2:26  Command Center  
  19  2:58  SCV  
  20  3:07  Factory  
  20  3:08  Refinery  
  20  3:14  SCV  
  20  3:29  Bunker  
  20  3:32  SCV  
  21  3:43  Marine x2  
  23  4:02  Supply Depot  
  23  4:06  SCV  
  24  4:15  Supply Depot  
  24  4:19  Orbital Command  
  24  4:20  Supply Depot  
  24  4:25  Factory Tech Lab  
  24  4:33  Starport  
  24  4:38  SCV  
  25  4:52  Supply Depot  
  25  4:55  SCV x2  
  27  5:12  SCV x2  
  27  5:14  Marine  
  27  5:16  Marine  
  31  5:24  Siege Tank  
  31  5:26  Supply Depot  
  34  5:31  Starport Reactor  
  34  5:39  Marine  
  35  5:41  Marine  
  36  6:02  SCV x2  
  38  6:16  Supply Depot  
  38  6:19  SCV x2  
  40  6:37  SCV x2  
  42  6:54  SCV x2  
  44  7:07  Barracks  
  44  7:11  Barracks  
  44  7:18  Barracks  
  44  7:33  Barracks  
  44  7:34  Supply Depot  
  44  7:40  SCV x2  
  44  7:49  Marine x2  
  48  7:54  Medivac x2  
  48  7:57  SCV x2  
  54  8:21  Stimpack  
  54  8:38  Factory Tech Lab  
  54  8:48  Barracks Tech Lab, Barracks Reactor  
  54  8:52  Starport Reactor  
  54  8:58  Marine  
  54  8:59  Marine x3  
  58  9:06  Marauder  
  58  9:09  Siege Tank  
  63  9:18  Marauder  
  65  9:23  Marine  
  65  9:24  Marine x3  
  65  9:28  Unknown  
  69  9:36  Marauder  
  71  9:42  Refinery  
  71  9:45  Refinery  
  71  9:48  Marauder, Engineering Bay  
  73  9:51  SCV x2  
  75  10:06  Marine x3  
  75  10:07  SCV, Marine x3  
  75  10:08  SCV, Marauder  
  85  10:13  Supply Depot  
  85  10:18  Marauder  
  87  10:20  Supply Depot  
  87  10:23  Siege Tank  
  87  10:25  Medivac x2  
  94  10:31  Terran Infantry Weapons Level 1  
  94  10:43  Marauder, Marine x6  
  94  10:47  Supply Depot  
  102  10:55  Marauder  
  104  11:08  Marine x3, Siege Tank  
  110  11:11  Concussive Shells  
  110  11:17  Marauder, Marine x3  
  115  11:20  Supply Depot  
  115  11:25  Marauder  
  117  11:39  Marine  
  118  11:50  Marauder, Marine x5  
  118  11:56  Supply Depot  
  118  11:57  Supply Depot  
  125  12:04  Marine  
  126  12:26  Siege Tank, Marine x5  
  126  12:27  Marauder x2, Medivac x2  
  126  12:28  Supply Depot  
  142  12:30  Supply Depot  
  142  12:58  Marauder, Marine x6  
  150  13:00  Marine  
  150  13:02  Supply Depot  
  149  13:23  Marine  
  149  13:28  Marauder  
  152  13:37  Siege Tank x4  
  143  14:11  Marauder x2  
  143  14:12  Marine  
  143  14:13  Marine x5  
  143  14:17  Siege Tank  
  143  14:18  Medivac x2  
  160  14:37  Marine x3  
  160  14:38  Marine x3  
  165  15:02  Marine  
  166  15:32  Siege Tank  
  166  15:33  Siege Tank  
  166  15:49  Marauder  
  166  16:22  Siege Tank x3  
  166  16:36  Marauder, Marine x2  
  164  16:40  Siege Tank  
  132  17:43  Siege Tank x3  
  123  18:16  Marine x8  
  131  18:21  Siege Tank  
  131  18:23  Siege Tank x3, Medivac x2  
  134  18:41  Marine x8  
  131  19:05  Medivac x2  
  131  19:06  Siege Tank, Marine x8  
  144  19:31  Marine x8  
  151  19:51  Siege Tank  
  151  19:55  Marine  
  151  19:56  Marine x7  
  159  20:20  Marine  
  159  20:21  Marine x5  
  159  20:24  Marauder  
  166  20:33  Supply Depot  
  166  20:37  Supply Depot  
  165  21:03  Marauder x2, Medivac x2  
  165  21:07  Siege Tank  
  174  21:20  Siege Tank x3  
  174  21:26  Supply Depot  
  174  21:28  Supply Depot  
  172  21:33  Marauder  
  174  21:52  Siege Tank  
  172  23:04  Siege Tank x2  
  172  23:05  Siege Tank x3  
  172  24:29  Siege Tank x3  
  148  24:30  Siege Tank x3  
  172  24:32  Siege Tank  
  172  24:33  Siege Tank  
Tags
 
League
Bronze
Matchup
Co-op
Add a new tag
Caveats
  • Supply blocks, unpowered buildings, or Contaminate may cause inaccurate times.
  • Supply counts are checked every 10 seconds.